 Dungeon Crawl Stone Soup version 0.19.1-1-g22dce08 (console) character file.

76 Kloppie the Slasher (level 4, -7/39 HPs)
             Began as a Draconian Berserker on Jan 6, 2017.
             Was a Believer of Trog.
             Mangled by Kloppie's ghost (10 damage)
             ... on level 3 of the Dungeon.
             The game lasted 00:01:41 (1540 turns).

Kloppie the Slasher (Draconian Berserker)           Turns: 1540, Time: 00:01:41

Health: -7/39      AC:  5    Str: 19    XL:     4   Next: 12%
Magic:  4/4        EV: 13    Int:  8    God:    Trog [**....]
Gold:   95         SH:  0    Dex: 11    Spells: 0 memorised, 3 levels left

rFire  . . .     SeeInvis .     a - +0 falchion
rCold  . . .     Gourm    .     (armour unavailable)
rNeg   . . .     Faith    .     (no shield)
rPois  .         Spirit   .     (helmet restricted)
rElec  .         Reflect  .     (no cloak)
rCorr  .         Harm     .     (no gloves)
MR     .....                    (no boots)
Stlth  +.........               (no amulet)
                                (no ring)
                                (no ring)

@: exhausted, slowed, very slow
A: unfitting armour, cold-blooded, AC +5
a: Berserk, Trog's Hand, Burn Spellbooks, Renounce Religion


You were on level 3 of the Dungeon.
You worshipped Trog.
Trog was pleased with you.
You were very hungry.

You visited 1 branch of the dungeon, and saw 3 of its levels.

You collected 95 gold pieces.

Inventory:

Hand Weapons
 a - a +0 falchion (weapon)
Jewellery
 f - an uncursed ring of ice {unknown}
 q - an uncursed ring of poison resistance {unknown}
Scrolls
 c - 2 scrolls of identify {unknown}
 e - 2 scrolls of remove curse {unknown}
 h - 2 scrolls of noise {unknown}
 m - a scroll of random uselessness {unknown}
 p - 2 scrolls of amnesia {unknown}
 r - a scroll of magic mapping {unknown}
 s - a scroll of teleportation {unknown}
Potions
 g - 2 potions of resistance {unknown}
 j - a potion of curing {unknown}
 k - a potion of invisibility {unknown}
 l - a potion of degeneration {unknown}
Comestibles
 b - a bread ration
 d - 5 chunks of flesh
 i - a meat ration
 n - a royal jelly
 o - a beef jerky


   Skills:
 + Level 3.6 Fighting
 * Level 4.1 Long Blades
 + Level 3.4 Dodging


You had 3 spell levels left.
You didn't know any spells.

Dungeon Overview and Level Annotations

Branches:
Dungeon (3/15)

Altars:

Annotations:
D:3 Kloppie's ghost, amateur DrBe


Innate Abilities, Weirdness & Mutations

Your plain brown scales are hard. (AC +5)
You cannot fit into any form of body armour.
You are cold-blooded and may be slowed by cold attacks.


Message History

Kloppie's ghost is moderately damaged.
You closely miss Kloppie's ghost.
Kloppie's ghost is moderately damaged.
You are no longer berserk.
You are exhausted.
You feel yourself slow down. Kloppie's ghost hits you.
You barely miss Kloppie's ghost.
Your tail-slap misses Kloppie's ghost.
Kloppie's ghost is moderately damaged.
Kloppie's ghost barely misses you. x2
You hit Kloppie's ghost.
Your tail-slap misses Kloppie's ghost.
Kloppie's ghost is moderately damaged.
Kloppie's ghost hits you.
* * * LOW HITPOINT WARNING * * *
You are too injured to fight recklessly!
Kloppie's ghost barely misses you.
Kloppie's ghost laughs crazily.
Kloppie's ghost hits you!
* * * LOW HITPOINT WARNING * * *
Kloppie's ghost hits you!
You die...

# # ###
#.#.#######.#
............##
#....†...W@#
#.......#.##
..........#.#
###########.#
..........####
########.....###
...............
########.....###
#......'.....#


You could see Kloppie's ghost.

Vanquished Creatures
  An adder (D:2)
  3 worms (D:2)
  5 dart slugs
  A leopard gecko (D:1)
  A ball python (D:2)
  5 giant cockroaches
  5 goblins
  6 hobgoblins
  2 jackals (D:2)
  4 bats
  2 frilled lizards
  2 kobolds (D:2)
  8 rats
45 creatures vanquished.

Notes
Turn   | Place    | Note
-------+----------+-------------------------------------------
     0 | D:1      | Kloppie the Draconian Berserker began the quest for the Orb.
     0 | D:1      | Reached XP level 1. HP: 19/19 MP: 1/1
   142 | D:1      | Reached XP level 2. HP: 18/26 MP: 2/2
   413 | D:1      | Reached ** piety under Trog
   532 | D:1      | You fall through a shaft!
   572 | D:2      | Reached XP level 3. HP: 23/31 MP: 3/3
   959 | D:2      | Reached skill level 4 in Long Blades
  1437 | D:3      | Reached XP level 4. HP: 39/39 MP: 4/4
  1511 | D:3      | Noticed Kloppie's ghost (amateur DrBe)
  1540 | D:3      | Mangled by Kloppie's ghost

Skill      XL: |  1  2  3 |
---------------+----------+-----
Dodging        | 3 |  3.4
Long Blades    | 4 |  4.1
Fighting       | |  3.6

Action                   |  1- 3 |  4- 6 || total
-------------------------+-------+-------++-------
Melee: Falchion          |   106 |    26 ||   132
       Tailslap          |    13 |     3 ||    16
Invok: Berserk           |       |     1 ||     1
  Eat: Chunk             |     2 |       ||     2
Armor: Skin              |    22 |    11 ||    33
Dodge: Dodged            |    81 |    27 ||   108
       Rpst.: Falchion   |    27 |     7 ||    34
